 Dungeon Crawl Stone Soup version 0.19-a0-1790-g026f1ef (webtiles) character file.

249 Proteus the Covert (level 5, -6/25 HPs)
             Began as a Spriggan Assassin on Oct 4, 2016.
             Was an Initiate of Trog.
             Shot with an arrow by a centaur (15 damage)
             ... on level 4 of the Dungeon.
             The game lasted 00:13:40 (4383 turns).

Proteus the Covert (Spriggan Assassin)              Turns: 4383, Time: 00:13:41

Health: -6/25      AC:  2    Str:  9    XL:     5   Next: 86%
Magic:  5/5        EV: 22    Int: 15    God:    Trog [......]
Gold:   176        SH:  0    Dex: 23    Spells: 0 memorised, 4 levels left

rFire  . . .     SeeInvis +     a - +2 dagger
rCold  . . .     Gourm    .     c - +0 robe
rNeg   . . .     Faith    .     (shield restricted)
rPois  .         Spirit   .     (helmet restricted)
rElec  .         Dismiss  .     d - +0 cloak
rCorr  .         Reflect  .     (gloves unavailable)
MR     +....     Harm     .     (boots unavailable)
Stlth  +++++++...               (no amulet)
                                y - ring of protection from magic
                                (no ring)

@: agile, exhausted, flying, very quick
A: unfitting armour, fangs 1, talons 1, see invisible, clever 1, deformed body,
herbivore 3, speed 3, low mp 1, slow metabolism 2, strong 1, wild magic 1,
evolution 1
a: Burn Spellbooks, Renounce Religion


You were on level 4 of the Dungeon.
You worshipped Trog.
Trog was noncommittal.
You were not hungry.

You visited 2 branches of the dungeon, and saw 5 of its levels.
You also visited: Sewer.

You collected 176 gold pieces.

Inventory:

Hand Weapons
 a - a +2 dagger (weapon)
 b - a +0 blowgun
 u - a cursed -2 short sword
Armour
 c - a +0 robe (worn)
 d - a +0 cloak (worn)
Jewellery
 l - an uncursed ring of resist corrosion
 y - a ring of protection from magic (right hand)
Scrolls
 h - 2 scrolls of fog
Potions
 k - a potion of curing
 n - a potion of ambrosia
 q - a potion of resistance
 r - 2 potions of lignification
 t - a potion of mutation
 x - a potion of flight
Miscellaneous
 i - a phial of floods (inert)
Comestibles
 g - a bread ration
 p - a slice of pizza
 z - 2 fruits


   Skills:
 - Level 1.5 Fighting
 - Level 2.1 Short Blades
 - Level 2.0 Throwing
 - Level 1.5 Dodging
 + Level 10.8 Stealth


You had 4 spell levels left.
You didn't know any spells.

Dungeon Overview and Level Annotations

Branches:
Dungeon (4/15)             Temple (1/1) D:4

Altars:
Cheibriados
Dithmenos
Elyvilon
Gozag
Kikubaaqudgha
Makhleb
Nemelex Xobeh
Qazlal
Sif Muna
Trog
Uskayaw
Vehumet
Yredelemnul
Zin
The Shining One

Annotations:
D:4 Pikel, Robin


Innate Abilities, Weirdness & Mutations

You are very small and have problems with some larger weapons.
You are too small for most types of armour.
You have supernaturally acute eyesight. (SInv)
You are a herbivore.
You cover ground extremely quickly.
You need consume almost no food.
You have very sharp teeth.
You have sharp toenails.
Your mind is acute. (Int +2)
Armour fits poorly on your strangely shaped body.
Your magical capacity is low. (-10% MP)
Your muscles are strong. (Str +2)
Your spells are a little harder to cast, but a little more powerful.
You evolve.


Message History

You hit the goblin.
You kill the goblin!
Trog accepts your kill.
Robin roars a battlecry!
The goblins go into a battle-frenzy!
The goblin misses you.
You hit the hobgoblin but do no damage. Your kick misses the hobgoblin.
You bite the hobgoblin, but do no damage.
You feel yourself speed up. The hobgoblin misses you.
The goblin barely misses you. The hobgoblin hits you.
You hit the hobgoblin. Your kick misses the hobgoblin.
The hobgoblin is heavily wounded.
The goblin misses you.
You hit the hobgoblin.
You kill the hobgoblin!
Trog accepts your kill.
The centaur shoots an arrow.
The arrow hits you! The goblin misses you.
The centaur shoots an arrow.
The arrow hits you!
Ouch! That really hurt!
You die...

............ ..#
..........### #...
..........(.. .#.#
O......p..## #....
........g<# ###.#
......g...# #.#
###$##.#### #g.#.#
#######.# ###.#.#
####pc)@gpp#
.>.g..###..gg####.!....
..............).....##.
..g......>.gS...##...#
..g#...########.# ...
....... ... .. .......
##. . ##............##
. #...............


You could see 3 slaves, a centaur, Robin, a hobgoblin and a goblin.

Vanquished Creatures
  A crocodile (Sewer)
  Ijyb (D:3)
  A worker ant (D:4)
  5 adders
  An ooze (D:4)
  2 dart slugs (D:3)
  2 leopard geckos (D:2)
  An orc (D:4)
  9 bats
  2 giant cockroaches
  12 goblins
  11 hobgoblins
  5 kobolds
  A quokka (D:3)
  7 frilled lizards
  8 rats
69 creatures vanquished.

Notes
Turn   | Place    | Note
-------+----------+-------------------------------------------
     0 | D:1      | Proteus the Spriggan Assassin began the quest for the Orb.
     0 | D:1      | Reached XP level 1. HP: 10/10 MP: 2/2
    47 | D:1      | Reached skill level 6 in Stealth
   125 | D:1      | Gained mutation: You have sharp toenails. [potion of mutation]
   125 | D:1      | Gained mutation: Your magical capacity is low. (-10% MP) [potion of mutation]
   125 | D:1      | Gained mutation: Your muscles are strong. (Str +2) [potion of mutation]
   725 | D:1      | Reached XP level 2. HP: 6/14 MP: 2/2
  1348 | D:1      | Found a sparkling altar of Nemelex Xobeh.
  1691 | D:1      | Reached skill level 7 in Stealth
  1913 | D:2      | Reached XP level 3. HP: 17/18 MP: 3/3
  1944 | D:2      | Gained mutation: You evolve. [potion of mutation]
  1944 | D:2      | Gained mutation: Your mind is acute. (Int +2) [potion of mutation]
  1944 | D:2      | Gained mutation: Your spells are a little harder to cast, but a little more powerful. [potion of mutation]
  1969 | D:2      | Found a burning altar of Makhleb.
  2005 | D:2      | Found a faded altar of an unknown god.
  2047 | D:2      | Found an opulent altar of Gozag.
  2068 | D:2      | Reached skill level 8 in Stealth
  2551 | D:3      | Noticed Ijyb
  2561 | D:3      | Killed Ijyb
  2561 | D:3      | Reached XP level 4. HP: 22/22 MP: 4/4
  2594 | D:3      | Reached skill level 9 in Stealth
  2643 | D:3      | Found a snail-covered altar of Cheibriados.
  2863 | D:3      | Found a glowing drain.
  2871 | Sewer    | Entered a sewer
  2929 | Sewer    | Noticed a crocodile
  2951 | Sewer    | Killed a crocodile
  2951 | Sewer    | Reached skill level 10 in Stealth
  2951 | Sewer    | Reached XP level 5. HP: 13/25 MP: 5/5
  2964 | Sewer    | Gained mutation: You have very sharp teeth. [evolution]
  3506 | D:4      | Noticed a centaur
  3525 | D:4      | Noticed Robin
  3835 | D:3      | Gained mutation: Armour fits poorly on your strangely shaped body. [evolution]
  3858 | D:4      | Noticed Pikel
  3858 | D:4      | Noticed a slave
  3858 | D:4      | Noticed a slave
  3858 | D:4      | Noticed a slave
  3858 | D:4      | Noticed a slave
  3858 | D:4      | Noticed an ogre
  3928 | D:4      | Found a staircase to the Ecumenical Temple.
  3929 | D:4      | Found a shadowy altar of Dithmenos.
  3938 | Temple   | Entered the Ecumenical Temple
  4139 | Temple   | Became a worshipper of Trog the Wrathful
  4383 | D:4      | Shot with an arrow by a centaur

Vault maps used:
D:1:      scummos_arrival_hexagon, grunt_decor_arrowhead, nemelex_altar_shiori
D:2:      lemuel_crystal_altar, old_standard_altar, ecumenical_altar_1,
          item_on_display_a
D:3:      cheibriados_altar_1, lightli_sewer_entry_pipes,
          kennysheep_small_spiral, uniq_iyjb
D:4:      nicolae_dithmenos_through_a_glass_darkly, overflow_temple_1_default,
          first_bread, uniq_pikel, uniq_robin
Temple:   minmay_temple_curvy_loop
Sewer:    sewer_big_baddie

Skill      XL: |  1  2  3  4 |
---------------+-------------+-----
Stealth        | 6 7 8 10 | 10.8
Fighting       | |  1.5
Short Blades   | |  2.1
Throwing       | |  2.0
Dodging        | |  1.5

Action                   |  1- 3 |  4- 6 || total
-------------------------+-------+-------++-------
Melee: Dagger            |   176 |    85 ||   261
       Kick              |    35 |    17 ||    52
       Bite              |       |     9 ||     9
 Fire: Blowgun           |       |    18 ||    18
Evoke: Phial of floods   |       |     1 ||     1
  Use: Potion            |     5 |     6 ||    11
       Scroll            |     5 |     9 ||    14
 Stab: Sleeping          |    12 |     9 ||    21
       Distracted        |       |     1 ||     1
  Eat: Royal jelly       |       |     1 ||     1
       Pizza             |       |     1 ||     1
Armor: Robe              |    25 |    14 ||    39
Dodge: Dodged            |   111 |   115 ||   226
